 Dungeon Crawl Stone Soup version 0.22-a0-348-gd16d1391c7 (webtiles) character file.

182 Laan the Magician (level 5, -1/35 HPs)
             Began as a Mummy Fire Elementalist on Apr 9, 2018.
             Killed from afar by an orc wizard (10 damage)
             ... with a puff of flame
             ... on level 3 of the Dungeon.
             The game lasted 00:04:50 (2510 turns).

Laan the Magician (Mummy Fire Elementalist)         Turns: 2510, Time: 00:04:50

Health: -1/35      AC:  8    Str: 11    XL:     5   Next: 35%
Magic:  0/10       EV: 12    Int: 15    God:
Gold:   184        SH:  0    Dex: 13    Spells: 3/11 levels left

rFire    x . .     SeeInvis .   e - +0 dagger
rCold    + . .     Gourm    .   (no shield)
rNeg     + + +     Faith    .   a - +0 robe
rPois    ∞         Spirit   .   (no helmet)
rElec    .         Reflect  .   (no cloak)
rCorr    .         Harm     .   (no gloves)
MR       .....                  (no boots)
Stlth    ++........             (no amulet)
HPRegen  0.11/turn              c - ring of wizardry
MPRegen  0.12/turn              i - +6 ring of protection

@: no status effects
A: no food or potions, fire vulnerability, cold resistance 1, negative energy
resistance 3, torment resistance, unbreathing
a: no special abilities


You were on level 3 of the Dungeon.
You were not hungry.

You visited 1 branch of the dungeon, and saw 3 of its levels.

You collected 184 gold pieces.

Inventory:

Hand Weapons
 e - a +0 dagger (weapon)
Armour
 a - a +0 robe (worn)
Jewellery
 c - a ring of wizardry (left hand)
 i - a +6 ring of protection (right hand)
Scrolls
 b - a scroll of identify
 d - 2 scrolls of teleportation
 f - 4 scrolls of immolation {unknown}
 g - a scroll of enchant armour {unknown}
 h - a scroll of blinking {unknown}
 j - a scroll of noise {unknown}


   Skills:
 - Level 1.5 Dodging
 - Level 1.5 Stealth
 + Level 3.8 Spellcasting
 * Level 2.7 Conjurations
 * Level 3.6 Fire Magic


You had 3 spell levels left.
You knew the following spells:

 Your Spells              Type           Power        Failure   Level  Hunger
a - Flame Tongue          Conj/Fire      ##...        1%          1    N/A
b - Conjure Flame         Conj/Fire      ##......     6%          3    N/A
c - Sticky Flame          Conj/Fire      ##......     19%         4    N/A

Dungeon Overview and Level Annotations

Branches:
Dungeon (3/15)

Altars:
Hepliaklqana


Innate Abilities, Weirdness & Mutations

You do not eat or drink.
Your flesh is vulnerable to fire.
You are immune to poison.
Your flesh is cold resistant. (rC+)
You are immune to negative energy. (rN+++)
You are immune to unholy pain and torment.
You can survive without breathing.


Message History

Casting: Flame Tongue (safe; 1% risk of failure)
Confirm with . or Enter, or press ? or * to list all spells.
Aiming: Flame Tongue (safe; 1% risk of failure)
Press: ? - help, Shift-Dir - straight line, f/p - hobgoblin
Aim: a hobgoblin, wielding a club (severely wounded)
The flame tongue hits the hobgoblin.
The hobgoblin is almost dead.
Something hits you but does no damage.
An orc wizard appears from thin air!
Reactivating autopickup.
You see here a murky inky potion.
Casting: Flame Tongue (safe; 1% risk of failure)
Confirm with . or Enter, or press ? or * to list all spells.
Aiming: Flame Tongue (safe; 1% risk of failure)
Press: ? - help, Shift-Dir - straight line, f - orc wizard
Aim: an orc wizard, wielding a dagger and wearing a robe (moderately wounded)
The flame tongue misses the orc wizard.
The orc wizard points at you and mumbles some strange words.
The puff of flame hits you! The fire burns you terribly!
You die...

#...# #.### #.#
#.# #.# #.# #.#
#(# ### #@# #.# #
#o#######.#####..#
#.g.gr......).)..#
###############.##


You could see an orc wizard and a hobgoblin.

Vanquished Creatures
  An orc wizard (D:3)
  7 gnolls
  2 adders
  2 worms
  3 leopard geckos
  2 orcs (D:3)
  5 bats
  6 giant cockroaches
  3 goblins
  5 hobgoblins
  7 jackals
  6 kobolds
  4 frilled lizards
  9 rats
62 creatures vanquished.

Notes
Turn   | Place    | Note
-------+----------+-------------------------------------------
     0 | D:1      | Laan the Mummy Fire Elementalist began the quest for the Orb.
     0 | D:1      | Reached XP level 1. HP: 13/13 MP: 4/4
    85 | D:1      | Reached skill level 1 in Conjurations
   228 | D:1      | Reached XP level 2. HP: 19/19 MP: 3/5
  1031 | D:1      | Reached XP level 3. HP: 23/24 MP: 1/7
  1225 | D:2      | Found a hazy altar of Hepliaklqana.
  1543 | D:2      | Reached XP level 4. HP: 27/30 MP: 6/9
  1741 | D:2      | Learned a level 3 spell: Conjure Flame
  1746 | D:2      | Learned a level 4 spell: Sticky Flame
  2263 | D:3      | Reached XP level 5. HP: 35/35 MP: 6/10
  2510 | D:3      | Killed from afar by an orc wizard

Vault maps used:
D:1:      eino_arrival_cavern_b
D:2:      old_standard_altar, minmay_misc_feat_five
D:3:      tgw_xom

Skill      XL: |  1  2  3 |
---------------+----------+-----
Conjurations   | 1 2 |  2.7
Spellcasting   | 3 |  3.8
Fire Magic     | 3 |  3.6
Dodging        | |  1.5
Stealth        | |  1.5

Action                   |  1- 3 |  4- 6 || total
-------------------------+-------+-------++-------
Melee: Dagger            |    27 |     8 ||    35
 Cast: Flame Tongue      |    75 |    67 ||   142
  Use: Scroll            |     2 |       ||     2
Armor: Robe              |     5 |    19 ||    24
Dodge: Dodged            |    27 |    25 ||    52

Table legend:
 A = Spawn XP
 B = Non-spawn XP
 C = Spawn XP percentage of total XP
 D = Spawn monster count
 E = Non-spawn monster count
 F = Spawn count percentage of total count
 G = Total turns spent on level
                    A         B        C        D         E        F      G
               +---------+---------+-------+---------+---------+-------+---------
         Total |       0 |     261 |   0.0 |       0 |      62 |   0.0 |  2510
               +---------+---------+-------+---------+---------+-------+---------
           D:1 |       0 |      44 |   0.0 |       0 |      25 |   0.0 |  1079
           D:2 |       0 |      96 |   0.0 |       0 |      19 |   0.0 |  1031
           D:3 |       0 |     121 |   0.0 |       0 |      18 |   0.0 |   400
               +---------+---------+-------+---------+---------+-------+---------
